 Dungeon Crawl Stone Soup version 0.30.0-3-ga4e48a9924 (webtiles) character file.

Game seed: 12438177326056409847

218 Irreverend the Magician (level 5, -5/28 HPs)
             Began as a Deep Elf Air Elementalist on May 8, 2023.
             Killed from afar by a white imp (9 damage)
             ... with a puff of frost
             ... summoned by Eustachio
             ... on level 4 of the Dungeon.
             The game lasted 00:07:11 (3251 turns).

Irreverend the Magician (Deep Elf Air Elementalist) Turns: 3251, Time: 00:07:11

Health: -5/28      AC:  2    Str:  5    XL:     5   Next: 63%
Magic:  1/14       EV: 12    Int: 34    God:
Gold:   156        SH:  0    Dex: 15    Spells: 11/14 levels left

rFire   . . .        (no weapon)
rCold   . . .        (no shield)
rNeg    . . .        a - +0 robe
rPois   .            (no helmet)
rElec   .            (no cloak)
rCorr   .            (no gloves)
SInv    .            (no boots)
Will    .....        (no amulet)
Stlth   ++           j - +6 ring of intelligence
HPRegen 0.24/turn    v - +6 ring of intelligence
MPRegen 0.14/turn

%: no passive effects
@: no status effects
A: no striking features
a: no special abilities


You were on level 4 of the Dungeon.
You visited 1 branch of the dungeon, and saw 4 of its levels.

You collected 156 gold pieces.

Inventory:

Armour
 a - a +0 robe (worn)
Jewellery
 d - a ring of see invisible
 f - an amulet of guardian spirit
 j - a +6 ring of intelligence (left hand)
 k - a +5 ring of evasion
 m - a +6 ring of dexterity
 v - a +6 ring of intelligence (right hand)
 w - an amulet of the acrobat
Scrolls
 e - a scroll of enchant armour {unknown}
 h - 4 scrolls of identify {unknown}
 i - a scroll of butterflies {unknown}
 n - a scroll of magic mapping {unknown}
 q - a scroll of noise {unknown}
 s - a scroll of vulnerability {unknown}
 u - 2 scrolls of teleportation {unknown}
Potions
 b - a potion of magic
 c - a potion of brilliance {unknown}
 g - a potion of flight {unknown}
 l - a potion of attraction {unknown}
 o - 2 potions of lignification {unknown}
 p - a potion of might {unknown}
 r - a potion of mutation {unknown}
 t - a potion of curing {unknown}


   Skills:
 - Level 2.4 Dodging
 - Level 2.4 Stealth
 + Level 5.1 Spellcasting
 + Level 3.5 Conjurations
 + Level 4.4 Air Magic


You had 11 spell levels left.
You knew the following spells:

 Your Spells              Type           Power      Damage    Failure   Level
a - Shock                 Conj/Air       100%       1d9       1%          1
b - Static Discharge      Conj/Air       72%        2-5/arc   1%          2

Your spell library contained the following spells:

 Spells                   Type           Power      Damage    Failure   Level
 Swiftness                Air            38%        N/A       2%          3
 Cigotuvi's Dreadful Rot  Necr/Pois/Air  36%        N/A       3%          2
 Airstrike                Air            19%        2d(3-19)  7%          4
 Inner Flame              Hex/Fire       8%         N/A       13%         3
 Dispel Undead            Necr           8%         3d8       41%         4
 Yara's Violent Unravell  Hex/Tmut       4%         3d4       77%         5
 Death Channel            Necr           4%         N/A       100%        6
 Enfeeble                 Hex            4%         N/A       100%        7


Dungeon Overview and Level Annotations

Branches:
Dungeon (4/15)
 Temple: D:4-7

Altars:

Annotations:
D:3 3 runed translucent doors, HobsGoblin's ghost, amateur TrEE; ionbeam3's ghost, amateur TrFi
D:4 Eustachio


Message History

The iron imp completely resists.
The iron imp hits you!
* * * LOW HITPOINT WARNING * * *
Casting: Static Discharge (safe; 1% risk of failure)
Confirm with . or Enter, or press ? or * to list all spells.
The iron imp is struck by an arc of lightning.
The iron imp resists.
The iron imp is heavily wounded.
You are struck by an arc of lightning.
* * * LOW HITPOINT WARNING * * *
The iron imp is struck by an arc of lightning.
The iron imp completely resists.
The quasit is struck by an arc of lightning.
The quasit is severely wounded.
The white imp is struck by an arc of lightning.
The white imp is heavily wounded.
The lightning grounds out.
The iron imp closely misses you.
Casting: Static Discharge (safe; 1% risk of failure)
Confirm with . or Enter, or press ? or * to list all spells.
The iron imp is struck by an arc of lightning.
The iron imp resists.
The iron imp is severely wounded.
You are struck by an arc of lightning.
* * * LOW HITPOINT WARNING * * *
The iron imp is struck by an arc of lightning.
The iron imp completely resists.
The quasit is struck by an arc of lightning.
You kill the quasit!
The quasit disappears in a puff of smoke!
Eustachio is struck by an arc of lightning.
Eustachio is heavily wounded.
The lightning grounds out.
The white imp summons a swarm of flies.
Eustachio casts a spell.
Casting: Static Discharge (safe; 1% risk of failure)
Confirm with . or Enter, or press ? or * to list all spells.
You don't have enough magic to cast this spell.
The iron imp disappears in a puff of smoke!
The white imp gestures at you. The puff of frost hits you!
You die...

#.....# ##.#.#(# ###....#.#
... #...####.# ...
##.#......# ....
#..#.########
....########.##.#..5.@.####
..........#..##.#.###@#...#
............###.@.# #.##..#
.......†<..## #######.....#
...........# #.....#5..#.#
###+#......# #.###.#.#.#.#
#.....## #.###.#5#.#.#
+...>.# #.#...#.#@#.#
#....######'#+#.....#.#
..######........§......#
.#. #...................#


You could see a white imp (summoned).

Vanquished Creatures
  An ogre (D:3)
  A hound (D:4)
  Jessica (D:2)
  An adder (D:3)
  4 dart slugs
  An orc (D:3)
  8 endoplasms
  2 giant cockroaches
  7 goblins
  4 hobgoblins
  4 jackals (D:2)
  A quokka (D:1)
  3 ball pythons
  5 bats
  2 frilled lizards
  7 kobolds
  6 rats
58 creatures vanquished.

Notes
Turn   | Place    | Note
-------+----------+-------------------------------------------
     0 | D:1      | Irreverend the Deep Elf Air Elementalist began the quest
                  | for the Orb.
     0 | D:1      | Reached XP level 1. HP: 10/10 MP: 6/6
   275 | D:1      | Reached XP level 2. HP: 15/15 MP: 4/8
  1058 | D:2      | Reached XP level 3. HP: 19/19 MP: 2/10
  1250 | D:2      | Noticed Jessica
  1258 | D:2      | Killed Jessica
  1259 | D:2      | Reached skill level 4 in Spellcasting
  1372 | D:2      | Identified the +7 mace of Tenacity {venom, rElec rPois
                  | rCorr}
  1650 | D:2      | Reached XP level 4. HP: 24/24 MP: 9/12
  1800 | D:3      | Learned a level 2 spell: Static Discharge
  2349 | D:3      | Noticed an ogre
  2361 | D:3      | Killed an ogre
  2362 | D:3      | Reached XP level 5. HP: 28/28 MP: 8/14
  2497 | D:3      | Found a runed translucent gate.
  2497 | D:3      | Found a runed translucent gate.
  2497 | D:3      | Found a runed translucent gate.
  2498 | D:3      | Noticed HobsGoblin's ghost (amateur TrEE)
  2499 | D:3      | Noticed ionbeam3's ghost (amateur TrFi)
  2538 | D:3      | Reached skill level 5 in Spellcasting
  3216 | D:4      | Noticed Eustachio
  3251 | D:4      | Killed from afar by a white imp

Illustrated notes

Levels and vault maps discovered:
D:1:      shiori_arrival_oz, layout_loops_ring
D:2:      layout_basic, uniq_jessica
D:3:      layout_basic, gammafunk_ghost_cemetery
D:4:      layout_basic, hangedman_decor_riveting, uniq_eustachio

Skill      XL: |  1  2  3  4  5 |
---------------+----------------+-----
Conjurations   | 2 3 |  3.5
Spellcasting   | 4 5 |  5.1
Air Magic      | 4 |  4.4
Dodging        | |  2.4
Stealth        | |  2.4

Action                     |  1- 3 |  4- 6 || total
---------------------------+-------+-------++-------
  Melee: Unarmed           |       |     1 ||     1
   Cast: Shock             |    74 |    56 ||   130
         Static Discharge  |       |     5 ||     5
 Armour: Robe              |     8 |     2 ||    10
  Dodge: Dodged            |    22 |    17 ||    39
